cohdb
Replays
Latest Replays
All Replays
Popular Replays
Top Player Replays
Match Explorer
How It Works
Community
CoH3 Stats
Reddit
Sign in to upload your games and track your stats! →
Sign in with Steam
Match 42809299
Unlisted
Match 42809299
Overview
Messages
Build Orders
End
250 Light Carrier
Panzerpioneer Squad
Selects Armored Support Battlegroup
Panzerpioneer Squad
Construct Light Support Kompanie
Combat Half-tracks
Fire Support Elements
MG34 Team
Vehicle Survival Package
Veteran Squad Leaders
Panzerjäger Mechanized Group
Selects Superior Fire Drills
Flakvierling Half-track
Selects Salvage Kits
Construct Panzerarmee Kommand
Panzerjäger Squad
Emergency Repair Kits
Panzerpioneer Squad
Walking Stuka Rocket Launcher
Panzerpioneer Squad
Selects Panzer Storm
Rapid Advance
Armored Reserves
Pak 38 Anti-tank Gun Team
Panzerpioneer Squad
Selects Stuka Anti-tank Loiter
MG34 Team
MG34 Team
Tiger Heavy Tank
Speculator
daskro
YouZAE
Geto did nothing wrong
Serjio Dragonis
DeadPhoenix
MadMan
Zleg
0
0
Comments
sign in to comment!
No comments posted yet!